 Dungeon Crawl Stone Soup version bcrawl-1.28.5 (webtiles) character file.

Game seed: 6341519464361235324

167527 Mehrunes the Chopper (level 6, -3/50 HPs)
             Began as a Demigod Fighter on Jan 23, 2021.
             Slain by an ogre
             ... wielding a +0 giant club
              (13 damage)
             ... on level 3 of the Dungeon.
             The game lasted 00:09:03 (3319 turns).

Mehrunes the Chopper (Demigod Fighter)              Turns: 3319, Time: 00:09:04

Health: -3/50      AC:  8    Str: 31    XL:     6   Next: 24%
Magic:  8/8        EV: 10    Int: 12    God:    Demigod [**....]
Gold:   174        SH:  0    Dex: 16    Spells: 5/5 levels left

rFire    . . .     SeeInvis .   t - +1 war axe (freeze)
rCold    . . .     Gourm    .   (no shield)
rNeg     . . .     Faith    .   b - +0 scale mail
rPois    .         Spirit   .   d - +0 helmet
rElec    .         Reflect  .   o - +0 cloak
rCorr    .         Harm     .   (no gloves)
MR       .....                  (no boots)
Stlth    ..........             (no amulet)
HPRegen  0.16/turn              n - +7 ring of strength
MPRegen  0.11/turn              (no ring)

@: no status effects
A: high mp 1
a: Temporal Distortion, Growth


You were on level 3 of the Dungeon.
You worshipped Demigod.
Demigod was pleased with you.
You were not hungry.

You visited 1 branch of the dungeon, and saw 4 of its levels.

You collected 174 gold pieces.

Inventory:

Hand Weapons
 a - a +0 war axe
 t - a +1 war axe of freezing (weapon)
Missiles
 r - a throwing net {=f}
Armour
 b - a +0 scale mail (worn)
 c - a +0 medium shield
 d - a +0 helmet (worn)
 o - a +0 cloak (worn)
Jewellery
 n - a +7 ring of strength (left hand)
Wands
 y - a wand of paralysis (12)
Scrolls
 f - a scroll of blinking {unknown}
 g - a scroll of fear {unknown}
 h - a scroll of magic mapping {unknown}
 i - 3 scrolls of teleportation
 l - a scroll of amnesia {unknown}
 q - a scroll of fog {unknown}
 s - a scroll of noise {unknown}
 u - a scroll of remove curse {unknown}
 v - a scroll of identify
 A - a scroll of enchant armour {unknown}
Potions
 k - 2 potions of flight
 m - a potion of invisibility {unknown}
 w - a potion of ambrosia {unknown}
 x - a potion of curing {unknown}
 z - 2 potions of lignification {unknown}
Comestibles
 e - 4 rations {!d}
 j - 4 chunks of flesh


   Skills:
 - Level 2.6 Fighting
 * Level 5.0 Axes
 - Level 2.6 Armour
 + Level 4.2 Shields


You had 5 spell levels left.
You didn't know any spells.
Your spell library was empty.

Dungeon Overview and Level Annotations

Branches:
Dungeon (4/12)
 Temple: D:4-7


Innate Abilities, Weirdness & Mutations

You have an increased reservoir of magic. (+10% MP)


Message History

There is a stone staircase leading up here.
You feel sick.
The orc throws a poisoned tomahawk.
The poisoned tomahawk closely misses you.
You feel much better. The ogre barely misses you.
You feel sick.
You feel sick. The orc barely misses you. The orc hits you but does no damage.
You feel sick. The ogre closely misses you.
There is a stone staircase leading up here.
You climb upwards.
There is a stone staircase leading down here.
The ogre hits you with a +0 giant club!
* * * LOW HITPOINT WARNING * * *
You feel sick.
You are no longer poisoned.
The ogre hits you with a +0 giant club!
You die...
Your divinity fades.

#..#.#####÷.÷.##..#
#.##....... #....##
###..##### #[##.......
#.....# ####÷#.####
#.##.......
##....###.#.##.##.#
#.#########
##.#.##..÷#÷####.# #.#
# ######..##.# #.# #.#
# #####.# #.# #.# #
######'#####'## #
##########..@.....)..#
#
#........#>O.........#
####
#........##..........#
#.##
#.......)####'#####'##
#... #........)))..#
#.# #.##
#.......)###### #.#
#.## #........# #.#
#.## ########## #.#
#.## #.######.##


You could see an ogre.

Vanquished Creatures
  A vampire bat (D:3)
  A worker ant (D:3)
  Robin (D:3)
  3 gnolls (D:4)
  6 adders
  An ooze (D:1)
  A worm (D:2)
  3 fire bats (D:3)
  5 leopard geckos
  An orc (D:4)
  2 spectral bats (D:3)
  A ball python (D:1)
  10 bats (D:3)
  3 bat skeletons (D:3)
  A bat zombie (D:3)
  2 giant cockroaches
  9 goblins
  11 hobgoblins
  6 jackals (D:1)
  10 kobolds
  3 quokkas (D:3)
  A bat simulacrum (D:3)
  2 frilled lizards (D:1)
  A jackal skeleton (D:4)
  2 rats (D:1)
87 creatures vanquished.

Notes
Turn   | Place    | Note
-------+----------+-------------------------------------------
     0 | D:1      | Mehrunes the Demigod Fighter began the quest for the Orb.
     0 | D:1      | Reached XP level 1. HP: 18/18 MP: 3/3
    46 | D:1      | Reached skill level 2 in Axes
    59 | D:1      | Reached XP level 2. HP: 11/25 MP: 4/4
   636 | D:1      | Reached XP level 3. HP: 27/30 MP: 5/5
  1078 | D:1      | Reached skill level 3 in Axes
  1275 | D:2      | Reached * piety under Demigod
  1847 | D:3      | Reached XP level 4. HP: 19/37 MP: 6/6
  2482 | D:3      | Reached skill level 4 in Axes
  2482 | D:3      | Reached XP level 5. HP: 42/42 MP: 7/7
  2592 | D:3      | Reached ** piety under Demigod
  2755 | D:3      | Noticed Robin
  2774 | D:3      | Killed Robin
  2775 | D:3      | Reached XP level 6. HP: 31/50 MP: 8/8
  3081 | D:4      | Reached skill level 5 in Axes
  3319 | D:3      | Slain by an ogre

Skill      XL: |  1  2  3  4  5  6 |
---------------+-------------------+-----
Axes           | 2 3 4 5 |  5.0
Shields        | 3 4 |  4.2
Fighting       | |  2.6
Armour         | |  2.6

Action                   |  1- 3 |  4- 6 || total
-------------------------+-------+-------++-------
Melee: War axe           |   108 |   109 ||   217
  Use: Scroll            |     4 |       ||     4
       Potion            |       |     3 ||     3
  Eat: Chunk             |     6 |    10 ||    16
Armor: Scale mail        |    55 |   112 ||   167
Dodge: Dodged            |    34 |   123 ||   157
Block: Medium shield     |    54 |       ||    54
